 Dungeon Crawl Stone Soup version 0.25.1-2-g60ff931df9 (webtiles) character file.

Game seed: 3009199945263894597

338 SpoonFarmer the Skirmisher (level 6, 0/53 HPs)
             Began as a Human Conjurer on Nov 15, 2020.
             Slain by an ice beast (9 damage)
             ... on level 3 of the Dungeon.
             The game lasted 00:04:42 (3373 turns).

SpoonFarmer the Skirmisher (Human Conjurer)         Turns: 3373, Time: 00:04:42

Health: 0/53       AC:  3    Str:  8    XL:     6   Next: 85%
Magic:  2/9        EV: 12    Int: 18    God:
Gold:   117        SH:  0    Dex: 13    Spells: 6/9 levels left

rFire    . . .     SeeInvis .   b - +0 short sword
rCold    . . .     Gourm    .   (no shield)
rNeg     . . .     Faith    .   d - +0 leather armour
rPois    .         Spirit   .   (no helmet)
rElec    .         Reflect  .   (no cloak)
rCorr    .         Harm     .   (no gloves)
MR       .....                  (no boots)
Stlth    ++........             (no amulet)
HPRegen  0.17/turn              (no ring)
MPRegen  0.11/turn              (no ring)

@: no status effects
A: no striking features
a: no special abilities


You were on level 3 of the Dungeon.
You were very hungry.

You visited 1 branch of the dungeon, and saw 4 of its levels.

You collected 117 gold pieces.

Inventory:

Hand Weapons
 b - a +0 short sword (weapon)
Armour
 a - a +0 robe
 d - a +0 leather armour (worn)
Scrolls
 e - 2 scrolls of teleportation {unknown}
 f - 2 scrolls of amnesia {unknown}
 k - 6 scrolls of identify {unknown}
 l - a scroll of immolation {unknown}
Potions
 i - 2 potions of ambrosia {unknown}
 m - 2 potions of haste {unknown}
Comestibles
 c - 6 rations


   Skills:
 + Level 6.3 Fighting
 - Level 2.0 Dodging
 - Level 2.0 Stealth
 - Level 2.0 Spellcasting
 - Level 4.0 Conjurations


You had 6 spell levels left.
You knew the following spells:

 Your Spells              Type           Power        Failure   Level  Hunger
a - Magic Dart            Conj           ###.         4%          1    #......
b - Searing Ray           Conj           ###...       8%          2    ###....

Your spell library contained the following spells:

 Spells                   Type           Power        Failure   Level  Hunger
 Beastly Appendage        Tmut           #.....       26%         1    #......
 Dazzling Flash           Conj/Hex       #.....       34%         3    ###....
 Sticks to Snakes         Tmut           #.......     36%         2    ###....
 Spider Form              Tmut/Pois      #.........   61%         3    ###....
 Fulminant Prism          Conj/Hex       #.........   75%         4    #####..
 Iskenderun's Mystic Bla  Conj/Tloc      #.......     75%         4    #####..
 Ice Form                 Ice/Tmut       #.......     95%         4    #####..
 Blade Hands              Tmut           #.........   100%        5    ######.


Dungeon Overview and Level Annotations

Branches:
Dungeon (4/15)
 Temple: D:4-7

Altars:
Cheibriados
Ru
Trog


Message History

The searing ray hits the ice beast.
The ice beast is heavily wounded. (Press . to maintain the ray.)
The ice beast closely misses you.
The searing ray misses the ice beast.
The ice beast hits you but does no damage.
The searing ray hits the ice beast!
The ice beast is severely wounded.
The ice beast hits you.
* * * LOW HITPOINT WARNING * * *
The ice beast freezes you!
* * * LOW HITPOINT WARNING * * *
The searing ray hits the ice beast but does no damage.
The ice beast is severely wounded.
You finish channeling your searing ray.
The ice beast barely misses you.
You aren't carrying any items that you can evoke.
The ice beast hits you.
* * * LOW HITPOINT WARNING * * *
The ice beast freezes you!
You die...

############
#..........#
#..........#
###########..........#
#....Y@......[.......##
##.########...........#
#.# #####.#####.. #.#
#.# #.. #.# ######.#
#>. #.# #......# #..
#.# #.###### #.. #.#
#.# #.. #.# #<# #..


You could see an ice beast.

Vanquished Creatures
  Grinder (D:3)
  Terence (D:2)
  4 adders
  3 oozes
  2 worms (D:2)
  A dart slug (D:4)
  2 leopard geckos (D:3)
  An orc (D:3)
  10 bats
  14 giant cockroaches
  4 goblins
  3 hobgoblins
  6 jackals (D:2)
  2 quokkas (D:3)
  A ball python (D:3)
  2 frilled lizards (D:2)
  7 kobolds
  9 rats
73 creatures vanquished.

Notes
Turn   | Place    | Note
-------+----------+-------------------------------------------
     0 | D:1      | SpoonFarmer the Human Conjurer began the quest for the Orb.
     0 | D:1      | Reached XP level 1. HP: 13/13 MP: 3/3
   203 | D:1      | Reached skill level 1 in Fighting
   239 | D:1      | Reached XP level 2. HP: 21/21 MP: 1/5
   247 | D:1      | Learned a level 2 spell: Searing Ray
   418 | D:1      | You fall into a shaft and drop 1 floor!
   474 | D:2      | Reached skill level 2 in Fighting
   474 | D:2      | Reached XP level 3. HP: 19/28 MP: 3/6
   830 | D:2      | Reached skill level 3 in Fighting
  1100 | D:2      | Reached XP level 4. HP: 35/35 MP: 4/7
  1133 | D:2      | Found a sacrificial altar of Ru.
  1137 | D:2      | Noticed Terence
  1222 | D:2      | Killed Terence
  1391 | D:2      | Reached skill level 4 in Fighting
  1659 | D:2      | Found a bloodstained altar of Trog.
  1659 | D:2      | Found a snail-covered altar of Cheibriados.
  1984 | D:3      | Reached XP level 5. HP: 18/42 MP: 5/8
  2222 | D:3      | Noticed Grinder
  2234 | D:3      | Paralysed by Grinder for 4 turns
  2243 | D:3      | Killed Grinder
  2243 | D:3      | Reached skill level 6 in Fighting
  2243 | D:3      | Reached XP level 6. HP: 43/52 MP: 0/9
  2853 | D:3      | Found a faded altar of an unknown god.
  3236 | D:4      | Noticed an ogre
  3236 | D:4      | Noticed an ice beast
  3318 | D:3      | HP: 1/53 [ice beast (9)]
  3373 | D:3      | Slain by an ice beast

Illustrated notes

Levels and vault maps discovered:
D:1:      erik_arrival_cave_to_civilisation [erik_arrival_cave_to_hall],
          layout_basic
D:2:      layout_loops_ring, minitemple, nicolae_ru_awakened_eye, uniq_terence
D:3:      minmay_roachtagon, layout_basic, first_ration,
          chequers_ecumenical_altar_simple_redux, minmay_checkerbox,
          uniq_grinder
D:4:      layout_cave_pools, kiku_gazebo_pond_becter,
          chequers_temple_overflow_statue_of_worship, grunt_decor_resistance,
          patterned_corridor

Skill      XL: |  1  2  3  4  5 |
---------------+----------------+-----
Fighting       | 1 2 3 4 6 |  6.3
Dodging        | |  2.0
Stealth        | |  2.0
Spellcasting   | |  2.0
Conjurations   | |  4.0

Action                   |  1- 3 |  4- 6 || total
-------------------------+-------+-------++-------
Melee: Short sword       |    73 |    91 ||   164
       Unarmed           |       |     8 ||     8
 Cast: Magic Dart        |     4 |     1 ||     5
       Searing Ray       |     5 |    16 ||    21
Evoke: Wand              |       |     1 ||     1
  Use: Potion            |       |     4 ||     4
 Stab: Sleeping          |     2 |     3 ||     5
  Eat: Chunk             |     1 |     7 ||     8
Armor: Leather armour    |    41 |    44 ||    85
       Robe              |     1 |       ||     1
       Skin              |       |     2 ||     2
Dodge: Dodged            |    82 |   137 ||   219
